 Dungeon Crawl Stone Soup version 0.27.1-33-g824d729ab1 (webtiles) character file.

Game seed: 16623337078839650351

4418 mcbry74 the Cleaver (level 10, -1/80 HPs)
             Began as a Hill Orc Gladiator on Dec 22, 2021.
             Was an Elder of Okawaru.
             Slain by an orc warrior (15 damage)
             ... on level 9 of the Dungeon.
             The game lasted 00:42:45 (13230 turns).

mcbry74 the Cleaver (Hill Orc Gladiator)           Turns: 13230, Time: 00:42:46

Health: -1/80      AC: 14    Str: 18    XL:     10   Next: 36%
Magic:  3/5        EV: 12    Int: 14    God:    Okawaru [****..]
Gold:   361        SH:  0    Dex: 12    Spells: 9/9 levels left

rFire    + . .     SeeInvis .   R - +2 executioner's axe (antimagic)
rCold    . . .     Faith    .   (shield currently unavailable)
rNeg     . . .     Spirit   .   m - +1 scale mail {rF+}
rPois    .         Reflect  .   u - +2 helmet {Int+3}
rElec    .         Harm     .   (no cloak)
rCorr    .         Rampage  .   (no gloves)
Will     .....                  (no boots)
Stlth    +.........             (no amulet)
HPRegen  0.23/turn              (no ring)
MPRegen  0.09/turn              (no ring)

@: heroic
A: no striking features
a: Renounce Religion, Heroism


You were on level 9 of the Dungeon.
You worshipped Okawaru.
Okawaru was greatly pleased with you.
You visited 1 branch of the dungeon, and saw 9 of its levels.
You also visited: Sewer.

You collected 361 gold pieces.

Inventory:

Hand Weapons
 a - a +0 war axe
 b - a +0 hunting sling
 d - a +0 flail
 C - a +3 trident of venom
 G - a +0 shortbow
 H - a +3 flail
 P - the +7 mace of Variability {chain chaos}
   (You found it on level 8 of the Dungeon)

   Each time it hits an enemy it has a different, random effect.
   It occasionally unleashes arcs of chaos on nearby creatures upon striking a
   foe.
 Q - a +0 battleaxe
 R - a +2 antimagic executioner's axe (weapon)
Missiles
 j - 162 arrows
 q - 69 sling bullets
 J - 2 throwing nets
 L - 4 boomerangs (quivered)
 U - 7 javelins
Armour
 c - a +0 helmet
 k - a +0 helmet
 m - a +1 scale mail of fire resistance (worn)
 r - a +0 leather armour
 u - a +2 helmet of intelligence (worn)
 F - a +0 chain mail
 O - +0 steam dragon scales
 T - a scarf of harm
Jewellery
 f - a ring of poison resistance
 K - a ring of wizardry
Wands
 D - a wand of polymorph (11)
 I - a wand of flame (12)
 S - a wand of digging (6)
Scrolls
 g - a scroll of silence
 h - 3 scrolls of noise
 i - a scroll of teleportation
 o - a scroll of vulnerability {unknown}
 x - 2 scrolls of enchant armour
 y - a scroll of blinking {unknown}
 B - 2 scrolls of acquirement {unknown}
 E - 3 scrolls of amnesia
Potions
 e - 2 potions of cancellation {unknown}
 l - 2 potions of heal wounds {unknown}
 n - a potion of attraction {unknown}
 p - a potion of might
 s - a potion of mutation {unknown}
 t - 3 potions of curing
 v - 2 potions of invisibility {unknown}
 w - a potion of magic {unknown}
 z - a potion of haste {unknown}
 A - a potion of resistance {unknown}
 M - a potion of degeneration {unknown}
 N - a potion of brilliance {unknown}


   Skills:
 + Level 4.5(9.5) Fighting
 * Level 12.1(17.2) Axes
 - Level 1.4(11.7) Maces & Flails
 + Level 3.4(8.4) Throwing
 - Level 9.0(14.0) Armour
 - Level 2.4(7.4) Dodging
 + Level 7.5 Invocations
 + Level 3.0 Evocations


You had 9 spell levels left.
You didn't know any spells.
Your spell library contained the following spells:

 Spells                   Type           Power      Damage    Failure   Level
 Magic Dart               Conj           0%         1d3       54%         1
 Searing Ray              Conj           0%         3d3       69%         2
 Conjure Flame            Conj/Fire      0%         6-21      89%         3
 Ignite Poison            Fire/Tmut/Pois 0%         N/A       89%         3
 Fulminant Prism          Conj/Hex       0%         3d6       100%        4
 Sticky Flame             Conj/Fire      0%         2d3       100%        4
 Summon Lightning Spire   Summ/Air       0%         N/A       100%        4
 Storm Form               Tmut/Air       0%         N/A       100%        7
 Maxwell's Capacitive Co  Air            0%         ∞         100%        8


Dungeon Overview and Level Annotations

Branches:
Dungeon (9/15)             Temple (0/1) D:7           Sewer (visited)
   Lair: D:8-11         Orc: D:9-12

Altars:
Elyvilon
Kikubaaqudgha
Okawaru
Sif Muna
Uskayaw
Vehumet
Xom
Yredelemnul
Zin

Shops:
D:6 =

Annotations:
D:7 2 transporters, PeterMcNeter's ghost, novice DsFi


Message History

An orc comes into view. It is wielding a +0 hand axe.
The orc warrior hits you with a +0 dire flail!
You barely miss the orc warrior.
The orc warrior is lightly wounded.
The orc shouts!
The orc warrior hits you with a +0 dire flail!
You hit the orc warrior.
The orc warrior is lightly wounded.
The orc warrior hits you but does no damage.
You barely miss the orc warrior.
The orc warrior is lightly wounded.
The orc warrior closely misses you.
The orc warrior hits you with a +0 dire flail!
You barely miss the orc warrior.
The orc warrior is lightly wounded.
You hit the orc but do no damage. The orc warrior closely misses you.
The orc closely misses you.
You slash the orc warrior!
The orc warrior is severely wounded.
You slash the orc!
You kill the orc!
Okawaru accepts your kill.
The orc warrior hits you with a +0 dire flail!
The orc hits you but does no damage.
You barely miss the orc warrior.
The orc warrior is severely wounded.
You slash the orc!
You kill the orc!
Okawaru accepts your kill.
The orc warrior hits you with a +0 dire flail!
* * * LOW HITPOINT WARNING * * *
The orc warrior hits you with a +0 dire flail.
* * * LOW HITPOINT WARNING * * *
There is a stone staircase leading up here.
You gain the combat prowess of a mighty hero.
You slash the orc warrior!
The orc warrior is almost dead.
The orc warrior barely misses you.
The orc warrior hits you with a +0 dire flail!
You die...

##......... #..........#
#..........# #.. . #..........#
#.. .. #..........# #.. ...
#..........# #.. .... #........#
#.. ..... #..@o....# #..
######...... #...<....# #..
....<........#........#########..
..#######....####................
.......#.....########'##
.......####..#..........
..........'..#......(...
..........#..#..........
..........#..#..........


You could see an orc warrior.

Vanquished Creatures
  A deep elf pyromancer (D:7)
  A wyvern (D:8)
  A steam dragon (D:8)
  3 chaos spawn (D:8)
  3 water moccasins
  A hornet zombie (D:7)
  3 orc warriors
  3 sky beasts
  3 ogres
  A necrophage (D:7)
  2 centaurs
  A bullfrog (D:8)
  A water moccasin zombie (D:5)
  A scorpion (D:5)
  2 wyvern zombies (D:7)
  4 wights (D:6)
  8 electric eels (D:8)
  5 howler monkeys (D:8)
  A bullfrog zombie (D:6)
  4 centaur zombies
  2 jellies (D:7)
  4 hounds
  A bullfrog skeleton (D:6)
  2 gnoll shamans
  3 iguanas
  An orc wizard (D:5)
  Natasha (twice) (D:2)
  2 killer bee zombies
  3 howler monkey zombies
  7 gnolls
  4 river rats
  6 adders
  A howler monkey skeleton (D:5)
  A shadow imp (D:8)
  An adder zombie (D:5)
  A worm (D:5)
  2 dart slugs
  9 orcs
  7 endoplasms
  6 hobgoblins
  9 jackals
  3 quokkas
  9 ball pythons
  5 bats
  8 frilled lizards
  4 goblins
  8 kobolds
  11 rats
171 creatures vanquished.

Vanquished Creatures (others)
  52 plants (D:8)
52 creatures vanquished.

Grand Total: 223 creatures vanquished

Notes
Turn   | Place    | Note
-------+----------+-------------------------------------------
     0 | D:1      | mcbry74 the Hill Orc Gladiator began the quest for the Orb.
     0 | D:1      | Reached XP level 1. HP: 18/18 MP: 1/1
   269 | D:1      | Reached XP level 2. HP: 24/25 MP: 2/2
   285 | D:1      | Found a faded altar of an unknown god.
   297 | D:1      | Reached skill level 5 in Axes
   301 | D:1      | Became a worshipper of Warmaster Okawaru
   301 | D:1      | Reached * piety under Okawaru
   761 | D:1      | Reached XP level 3. HP: 30/30 MP: 3/3
  1397 | D:2      | Noticed Natasha
  1400 | D:2      | Killed Natasha
  1401 | D:2      | Reached skill level 6 in Axes
  1401 | D:2      | Reached skill level 1 in Armour
  1401 | D:2      | Reached XP level 4. HP: 37/37 MP: 4/4
  1428 | D:2      | Noticed Natasha
  1439 | D:2      | Killed Natasha
  1527 | D:2      | Found a radiant altar of Vehumet.
  2080 | D:3      | Found a hide-covered altar of Uskayaw.
  2192 | D:3      | Noticed a sky beast
  2201 | D:3      | Killed a sky beast
  2202 | D:3      | Reached skill level 7 in Axes
  2202 | D:3      | Reached XP level 5. HP: 31/42 MP: 5/5
  2349 | D:3      | Reached ** piety under Okawaru
  3064 | D:4      | Noticed an ogre
  3065 | D:4      | Reached XP level 6. HP: 50/50 MP: 6/6
  3214 | D:4      | Found a glowing drain.
  3222 | Sewer    | Entered a sewer
  3640 | D:4      | Reached skill level 8 in Axes
  3980 | D:5      | Entered Level 5 of the Dungeon
  4082 | D:5      | Reached XP level 7. HP: 46/56 MP: 7/7
  4312 | D:5      | Found a white marble altar of Elyvilon.
  4355 | D:5      | Reached skill level 5 in Armour
  4610 | D:5      | Reached skill level 9 in Axes
  5463 | D:5      | Reached XP level 8. HP: 32/62 MP: 8/8
  6076 | D:5      | Reached *** piety under Okawaru
  6077 | D:5      | Reached skill level 10 in Axes
  6583 | D:6      | Reached skill level 1 in Invocations
  7147 | D:6      | Found an ancient bone altar of Kikubaaqudgha.
  7176 | D:6      | Found Foill's Jewellery Shoppe.
  7517 | D:7      | Found a staircase to the Ecumenical Temple.
  7614 | D:7      | Found a transporter.
  7622 | D:7      | Reached skill level 11 in Axes
  7622 | D:7      | Reached XP level 9. HP: 55/68 MP: 11/11
  7726 | D:7      | Found a transporter.
  7727 | D:7      | Noticed PeterMcNeter's ghost (novice DsFi)
  7733 | D:7      | Noticed a queen bee
  7749 | D:7      | Noticed a deep elf pyromancer
  7974 | D:7      | Noticed an angel
  7979 | D:7      | Found a shimmering altar of Xom.
  7979 | D:7      | Found a glowing silver altar of Zin.
  8096 | D:7      | HP: 3/68 [fire elemental[a deep elf pyromancer] (2)]
  8506 | D:7      | Noticed a hornet
  8592 | D:7      | Reached **** piety under Okawaru
  8735 | D:7      | Found a basalt altar of Yredelemnul.
  9275 | D:7      | Killed a deep elf pyromancer
  9276 | D:7      | Reached skill level 5 in Invocations
  9799 | D:7      | Reached ***** piety under Okawaru
  9964 | D:8      | Reached skill level 1 in Evocations
  9987 | D:8      | HP: 3/65 [chaos spawn (1)]
 10271 | D:8      | Reached XP level 10. HP: 61/77 MP: 11/15
 10381 | D:8      | Found the +7 mace of Variability {chain chaos}
 10383 | D:8      | Found a shimmering altar of Xom.
 10464 | D:8      | Received a gift from Okawaru
 10465 | D:8      | Reached skill level 1 in Maces & Flails
 10991 | D:8      | Reached skill level 12 in Axes
 12817 | D:8      | Found a shimmering blue altar of Sif Muna.
 13230 | D:9      | Slain by an orc warrior

Illustrated notes

Levels and vault maps discovered:
D:1:      elethiomel_arrival_infinity_welcomes_careful_drivers,
          layout_loops_cross, dreamdust_ecumenical_altar_statues,
          chequers_serial_rivers_small_b, minivault_26,
          hangedman_feature_mirror, minmay_octomino_j4
D:2:      layout_loops_ring, basic_altar, chequers_serial_rivers_micro_e,
          uniq_natasha
D:3:      layout_basic, old_standard_altar, grunt_ministairs_15,
          solitary_fountain
D:4:      layout_basic, portal_sewer_entry_a
D:5:      layout_basic, mainiacjoe_overflow_tiny_flanked,
          kennysheep_okawaru_gauntlet, kennysheep_generic_room_7
D:6:      layout_cave_pools, kiku_gazebo_pond_becter, serial_shops, shop
D:7:      layout_cave_pods, nicolae_yredelemnul_corpse_copse,
          grunt_temple_overflow_order_and_chaos_1,
          minmay_temple_entry_from_below_a, gammafunk_ghost_hive,
          serial_co_window_serial, co_window_paths_a, co_window_paths_a,
          co_window_corner_a, co_window_cross_1, co_window_corner_a,
          co_window_corner_ca, co_window_broadway_b, co_window_cross_4,
          co_window_unsneaky_path_c, co_window_corner_b, glass_columns_a,
          glass_columns_b, glass_columns_c, glass_columns_a
D:8:      layout_rooms, mainiacjoe_overflow_brackets, serial_bayou,
          serial_bayou_ford_a, serial_bayou_lake_a, serial_bayou_shore_b,
          serial_bayou_pond_b, minmay_guarded_unrand_variability
D:9:      layout_irregular_city, mainiacjoe_overflow_surrounded_room,
          gammafunk_ghost_smash, uniq_maurice, uniq_gastronok

Skill      XL: |  1  2  3  4  5  6  7  8  9 10 |
---------------+-------------------------------+-----
Axes           | 5 6 7 8 9 11 12 | 12.1
Armour         | 1 3 4 6 7 9 |  9.0
Invocations    | 3 6 7 |  7.5
Throwing       | 2 3 |  3.4
Fighting       | 3 4 |  4.5
Evocations     | 1 3 |  3.0
Maces & Flails | 1 |  1.4
Dodging        | |  2.4

Action                   |  1- 3 |  4- 6 |  7- 9 | 10-12 || total
-------------------------+-------+-------+-------+-------++-------
Melee: War axe           |    80 |   144 |   335 |     6 ||   565
       Hunting sling     |       |     9 |       |       ||     9
       Punch             |       |       |     2 |       ||     2
       Executioner's axe |       |       |       |    80 ||    80
       Great mace        |       |       |       |    15 ||    15
 Fire: Hunting sling     |       |    39 |    41 |       ||    80
Throw: Throwing net      |       |       |     3 |       ||     3
       Boomerang         |       |       |     6 |    20 ||    26
Invok: Heroism           |       |       |     6 |     8 ||    14
  Use: Scroll            |       |     5 |     4 |       ||     9
       Potion            |       |       |     3 |     1 ||     4
 Stab: Held in net/web   |       |       |     3 |       ||     3
Armor: Leather armour    |    23 |       |       |       ||    23
       Scale mail        |     2 |    72 |   188 |    48 ||   310
Dodge: Dodged            |    70 |    94 |   172 |    47 ||   383
